 Dungeon Crawl Stone Soup version 0.26.1-11-gd32895ea62 (webtiles) character file.

Game seed: 15887228452778913307

533 Jerry the Shooter (level 7, -6/46 HPs)
             Began as an Octopode Hunter on June 11, 2021.
             Was an Initiate of Sif Muna.
             Mangled by a small abomination (8 damage)
             ... on level 4 of the Dungeon.
             The game lasted 00:07:25 (3197 turns).

Jerry the Shooter (Octopode Hunter)                 Turns: 3197, Time: 00:07:26

Health: -6/46      AC:  5    Str: 13    XL:     7   Next: 24%
Magic:  7/7        EV: 14    Int: 13    God:    Sif Muna [......]
Gold:   152        SH:  0    Dex: 13    Spells: 6/6 levels left

rFire    . . .     SeeInvis .     - Unarmed
rCold    . . .     Faith    .   (no shield)
rNeg     . . .     Spirit   .   (helmet restricted)
rPois    .         Reflect  .   f - amulet of regeneration (curse)
rElec    .         Harm     .   l - +4 ring of protection
rCorr    .         Rampage  .   (no ring)
Will     .....                  (no ring)
Stlth    ++++......             (no ring)
HPRegen  0.55/turn              (no ring)
MPRegen  0.10/turn              (no ring)
                                (no ring)
                                (no ring)

@: no status effects
A: almost no armour, stealthy swim, amphibious, 8 rings, constrict 8, camouflage
1, gelatinous body 1
a: Renounce Religion


You were on level 4 of the Dungeon.
You worshipped Sif Muna.
Sif Muna was noncommittal.
You visited 1 branch of the dungeon, and saw 4 of its levels.

You collected 152 gold pieces.

Inventory:

Hand Weapons
 a - a +2 shortbow
Missiles
 c - 50 arrows
Jewellery
 f - a cursed amulet of regeneration (around mantle)
 l - a +4 ring of protection (left tentacle)
Scrolls
 b - a scroll of enchant weapon
 i - a scroll of fear
 j - a scroll of remove curse
 m - 2 scrolls of teleportation {unknown}
 n - a scroll of noise {unknown}
 o - 4 scrolls of identify
 p - a scroll of immolation {unknown}
 r - 2 scrolls of amnesia {unknown}
Potions
 d - a potion of degeneration {unknown}
 e - 2 potions of curing {unknown}
 g - 3 potions of brilliance {unknown}
 h - 2 potions of haste {unknown}
 k - a potion of cancellation {unknown}
 q - a potion of ambrosia {unknown}


   Skills:
 + Level 3.5 Fighting
 + Level 5.0 Bows
 + Level 3.6 Dodging
 + Level 4.3 Stealth
 * Level 4.1 Unarmed Combat


You had 6 spell levels left.
You didn't know any spells.
Your spell library contained the following spells:

 Spells                   Type           Power        Failure   Level
 Passwall                 Tmut/Erth      0%           43%         2


Dungeon Overview and Level Annotations

Branches:
Dungeon (4/15)
 Temple: D:4-7

Altars:
Sif Muna
Trog

Portals:
Abyss: D:4

Annotations:
D:4 1 transporter, Gerhazo's ghost, amateur DrCj


Innate Abilities, Weirdness & Mutations

You cannot wear most types of armour.
You are very stealthy in the water. (Stealth+)
You are amphibious.
You can wear up to eight rings at the same time.
You can use your tentacles to constrict eight enemies at once.
Your skin changes colour to match your surroundings (Stealth+).
Your rubbery body absorbs attacks. (AC +1, EV +1)


Message History

The small abomination barely misses you.
You tentacle-slap the small abomination but do no damage.
The small abomination is lightly damaged.
The small abomination hits you but does no damage.
You bludgeon the small abomination!
The small abomination is moderately damaged.
You tentacle-slap the small abomination but do no damage.
The small abomination is moderately damaged.
The small abomination barely misses you.
You tentacle-slap the small abomination.
The small abomination is heavily damaged.
The small abomination hits you!
You tentacle-slap the small abomination.
The small abomination is severely damaged.
The small abomination hits you!
* * * LOW HITPOINT WARNING * * *
You tentacle-slap the small abomination.
The small abomination is severely damaged.
The small abomination hits you!
You die...

#..##.##.##..###.###.#..# #
###.#..#..##...### ##..########
.......#.#.##....# #...##......
.......## . ###.##.. #...##......
####.(..###.∩.###x##.##..........
#.....©#.##...#...$#..##......
#.#...##.##.###^#.##..####.###
#....##....5x.#..##..###...# #
###.#.##.######@##.#..#....### #
#...#.#. #..##xK.##.#.#### #
##.#.#.##$###...###.##....#
#....#..###.......####....#
#...#....©................#
..###...............##....#
..<................)##..###
.........................#
##..................#....#


You could see a big kobold, 2 small abominations and an iron imp.

Vanquished Creatures
  An orc warrior (D:4)
  Blork the orc (D:4)
  A howler monkey (D:4)
  2 orc wizards (D:4)
  An iguana (D:4)
  A worker ant (D:4)
  6 adders
  6 gnolls
  4 worms
  A dart slug (D:3)
  4 leopard geckos
  10 orcs
  A ball python (D:1)
  3 bats
  5 giant cockroaches
  10 goblins
  6 hobgoblins
  5 jackals
  7 kobolds
  4 quokkas
  5 frilled lizards
  8 rats
92 creatures vanquished.

Notes
Turn   | Place    | Note
-------+----------+-------------------------------------------
     0 | D:1      | Jerry the Octopode Hunter began the quest for the Orb.
     0 | D:1      | Reached XP level 1. HP: 14/14 MP: 1/1
    73 | D:1      | Reached skill level 1 in Unarmed Combat
    73 | D:1      | Reached XP level 2. HP: 19/19 MP: 2/2
   307 | D:1      | Reached XP level 3. HP: 24/24 MP: 3/3
   976 | D:2      | Found a bloodstained altar of Trog.
  1075 | D:2      | Reached XP level 4. HP: 30/30 MP: 4/4
  2114 | D:3      | Reached XP level 5. HP: 29/35 MP: 5/5
  2553 | D:4      | Reached XP level 6. HP: 28/42 MP: 6/6
  2707 | D:4      | Noticed an orc warrior
  2708 | D:4      | Found a bloodstained altar of Trog.
  2826 | D:4      | Found a transporter.
  2854 | D:4      | Noticed Gerhazo's ghost (amateur DrCj)
  2893 | D:4      | Noticed Blork the orc
  2922 | D:4      | Killed Blork the orc
  3018 | D:4      | Found a shimmering blue altar of Sif Muna.
  3029 | D:4      | Reached XP level 7. HP: 44/46 MP: 7/7
  3030 | D:4      | Identified Sif Muna's Compendium of Transmigration
  3033 | D:4      | Became a worshipper of Sif Muna the Loreminder
  3048 | D:4      | Reached skill level 5 in Bows
  3140 | D:4      | Found a transporter.
  3182 | D:4      | Found a one-way gate to the infinite horrors of the Abyss.
  3196 | D:4      | HP: 1/46 [small abomination (15)]
  3197 | D:4      | Mangled by a small abomination

Illustrated notes

Levels and vault maps discovered:
D:1:      mushboom_english_gardens, layout_rooms, amcnicky_mini_corridor_feature
D:2:      layout_basic, bloody_trog
D:3:      layout_basic, kennysheep_generic_room_4
D:4:      layout_rooms, nzn_overflow_gifts_of_might_and_magic,
          gammafunk_ghost_abyssal_escape, uniq_blork_the_orc

Skill      XL: |  1  2  3  4  5  6  7 |
---------------+----------------------+-----
Unarmed Combat | 1 2 3 4 |  4.1
Stealth        | 2 3 4 |  4.3
Fighting       | 3 |  3.5
Dodging        | 3 |  3.6
Bows           | 5 |  5.0

Action                   |  1- 3 |  4- 6 |  7- 9 || total
-------------------------+-------+-------+-------++-------
Melee: Unarmed           |    51 |   184 |    17 ||   252
       Tentacles         |    12 |    35 |     5 ||    52
       Constrict         |    17 |    47 |     1 ||    65
       Punch             |     1 |     7 |     2 ||    10
 Fire: Shortbow          |    10 |     2 |       ||    12
  Use: Scroll            |       |     4 |       ||     4
 Stab: Sleeping          |     8 |    15 |     2 ||    25
Armor: Skin              |       |    29 |     1 ||    30
Dodge: Dodged            |    30 |   110 |     4 ||   144
